 Dungeon Crawl Stone Soup version 0.25.0-10-g039870ee82 (webtiles) character file.

Game seed: 9895670751526329128

177 Anaz the Gusty (level 5, -2/41 HPs)
             Began as a Demigod Air Elementalist on June 22, 2020.
             Slain by a gnoll
             ... wielding a +0 spear
              (7 damage)
             ... on level 4 of the Dungeon.
             The game lasted 00:12:49 (3168 turns).

Anaz the Gusty (Demigod Air Elementalist)           Turns: 3168, Time: 00:12:49

Health: -2/41      AC:  5    Str: 13    XL:     5   Next: 9%
Magic:  8/11       EV: 13    Int: 19    God:
Gold:   178        SH:  0    Dex: 16    Spells: 3/9 levels left

rFire    + . .     SeeInvis .   k - +0 dagger
rCold    . . .     Gourm    .   (no shield)
rNeg     . . .     Faith    .   a - +0 robe
rPois    .         Spirit   .   g - +1 helmet
rElec    .         Reflect  .   (no cloak)
rCorr    .         Harm     .   (no gloves)
MR       .....                  p - +0 pair of boots
Stlth    +++.......             l - amulet of magic regeneration
HPRegen  0.13/turn              h - ring of protection from fire
MPRegen  0.37/turn              o - ring of stealth

@: lethally poisoned (-2 -> -8)
A: high mp 1
a: no special abilities


You were on level 4 of the Dungeon.
You were not hungry.

You visited 1 branch of the dungeon, and saw 4 of its levels.

You collected 178 gold pieces.

Inventory:

Hand Weapons
 k - a +0 dagger (weapon)
Armour
 a - a +0 robe (worn)
 g - a +1 helmet (worn)
 p - a +0 pair of boots (worn)
Jewellery
 h - a ring of protection from fire (left hand)
 l - an amulet of magic regeneration (around neck)
 o - a ring of stealth (right hand)
 v - an uncursed ring of stealth
Wands
 t - a wand of random effects (13)
Scrolls
 d - 4 scrolls of identify {unknown}
 e - a scroll of teleportation {unknown}
 f - 2 scrolls of immolation {unknown}
 q - a scroll of fear {unknown}
 r - a scroll of fog {unknown}
 w - a scroll of blinking {unknown}
Potions
 b - a potion of curing
 i - a potion of stabbing {unknown}
 j - a potion of haste {unknown}
 m - a potion of degeneration {unknown}
 n - a potion of berserk rage {unknown}
 u - 2 potions of ambrosia {unknown}
Comestibles
 c - 9 rations


   Skills:
 * Level 2.0 Fighting
 + Level 2.5 Dodging
 - Level 1.7 Stealth
 + Level 2.5 Spellcasting
 + Level 1.5 Conjurations
 + Level 3.8 Air Magic


You had 3 spell levels left.
You knew the following spells:

 Your Spells              Type           Power        Failure   Level  Hunger
a - Shock                 Conj/Air       ##..         5%          1    #......
b - Swiftness             Chrm/Air       #.......     11%         2    ##.....
c - Static Discharge      Conj/Air       ##......     16%         3    ###....

Your spell library contained the following spells:

 Spells                   Type           Power        Failure   Level  Hunger
 Airstrike                Air            ###.......   32%         4    #####..
 Lightning Bolt           Conj/Air       ##........   82%         5    ######.


Dungeon Overview and Level Annotations

Branches:
Dungeon (4/15)
 Temple: D:4-7


Innate Abilities, Weirdness & Mutations

You have an increased reservoir of magic. (+10% MP)


Message History

You feel sick.
Unknown command.
* * * LOW HITPOINT WARNING * * *
You feel sick.
You are no longer glowing.
* * * LOW HITPOINT WARNING * * *
You feel sick.
* * * LOW HITPOINT WARNING * * *
You feel sick.
* * * LOW HITPOINT WARNING * * *
You feel sick.
* * * LOW HITPOINT WARNING * * *
You feel sick.
* * * LOW HITPOINT WARNING * * *
You feel sick.
There is a stone staircase leading up here.
* * * LOW HITPOINT WARNING * * *
You feel sick.
The gnoll hits you from afar with a +0 spear!
You die...

.......#.# #.# #.#
.......#.###g###.#######
........................
.......#.###.###.#.#.##
.......#.# #.#..g#....#
.......#.# #.#.#......#
####.....# #.#.#g.....#
#.....###.#.#.#....#
#.....'...#..@.....#
#.....##############
#......).....
#.....####### #.....#
#.....# #.....# #.....#
#######


You could see 2 gnolls.

Vanquished Creatures
  A gnoll shaman (D:4)
  7 adders
  A gnoll (D:4)
  A worm (D:2)
  3 dart slugs
  A leopard gecko (D:3)
  An orc (D:4)
  7 bats
  4 giant cockroaches
  6 goblins
  4 hobgoblins
  4 jackals (D:1)
  11 kobolds
  2 quokkas
  2 ball pythons
  7 frilled lizards
  A quokka skeleton (D:4)
  8 rats
71 creatures vanquished.

Notes
Turn   | Place    | Note
-------+----------+-------------------------------------------
     0 | D:1      | Anaz the Demigod Air Elementalist began the quest for the
                  | Orb.
     0 | D:1      | Reached XP level 1. HP: 14/14 MP: 5/5
   392 | D:1      | Reached skill level 3 in Air Magic
   488 | D:1      | Reached XP level 2. HP: 10/22 MP: 5/7
   493 | D:1      | Learned a level 2 spell: Swiftness
  1200 | D:2      | Found a glowing golden altar of the Shining One.
  1251 | D:2      | Reached XP level 3. HP: 23/27 MP: 8/8
  1256 | D:2      | Learned a level 3 spell: Static Discharge
  1602 | D:2      | Found a stormy altar of Qazlal.
  1663 | D:2      | Reached skill level 1 in Conjurations
  1722 | D:2      | Reached skill level 1 in Fighting
  2253 | D:3      | Found a radiant altar of Vehumet.
  2412 | D:3      | Reached XP level 4. HP: 35/35 MP: 5/10
  2469 | D:3      | Found a shattered altar of Ashenzari.
  2777 | D:3      | Found an ancient bone altar of Kikubaaqudgha.
  3126 | D:4      | Noticed a phantom
  3143 | D:4      | Reached XP level 5. HP: 26/41 MP: 1/11
  3168 | D:4      | Slain by a gnoll

Illustrated notes

Levels and vault maps discovered:
D:1:      tarquinn_simple_flora_water_f, layout_basic
D:2:      layout_loops_ring, tso_oasis_becter, nicolae_qazlal_general_emergency
D:3:      layout_rooms, kiku_gazebo_garden_becter, cheibrodos_ashenzari_chains,
          vehumet_crystals, first_ration, minmay_between
D:4:      layout_basic

Skill      XL: |  1  2  3  4 |
---------------+-------------+-----
Dodging        | 2 |  2.5
Air Magic      | 3 |  3.8
Spellcasting   | 2 |  2.5
Conjurations   | 1 |  1.5
Fighting       | 1 2 |  2.0
Stealth        | |  1.7

Action                   |  1- 3 |  4- 6 || total
-------------------------+-------+-------++-------
Melee: Dagger            |   128 |    56 ||   184
       Unarmed           |    10 |       ||    10
 Cast: Shock             |    27 |    24 ||    51
       Static Discharge  |       |     2 ||     2
  Use: Potion            |       |     1 ||     1
 Stab: Sleeping          |    15 |     5 ||    20
  Eat: Chunk             |     5 |     3 ||     8
Armor: Robe              |    35 |    16 ||    51
Dodge: Dodged            |    88 |    48 ||   136
